 Dungeon Crawl Stone Soup version 0.23.2 (webtiles) character file.

Game seed: 5211222324103882755

61 Goblin1989 the Poker (level 3, -3/29 HPs)
             Began as a Demonspawn Chaos Knight on Apr 5, 2019.
             Was a Plaything of Xom.
             Slain by Terence
             ... wielding a +0 flail
              (8 damage)
             ... on level 2 of the Dungeon.
             The game lasted 00:02:13 (1614 turns).

Goblin1989 the Poker (Demonspawn Chaos Knight)      Turns: 1614, Time: 00:02:13

Health: -3/29      AC:  5    Str: 13    XL:     3   Next: 83%
Magic:  3/3        EV: 11    Int: 13    God:    Xom [...*..]
Gold:   32         SH:  0    Dex: 12    Spells: 2/2 levels left

rFire    . . .     SeeInvis .   a - +0 spear (chaos)
rCold    . . .     Gourm    .   (no shield)
rNeg     . . .     Faith    .   b - +2 leather armour
rPois    .         Spirit   .   (no helmet)
rElec    .         Reflect  .   (no cloak)
rCorr    .         Harm     .   (no gloves)
MR       .....                  (no boots)
Stlth    ++........             (no amulet)
HPRegen  0.09/turn              (no ring)
MPRegen  0.08/turn              (no ring)

@: no status effects
A: nightstalker 1
a: Renounce Religion


You were on level 2 of the Dungeon.
You worshipped Xom.
You were a favourite toy of Xom.
You were not hungry.

You visited 1 branch of the dungeon, and saw 2 of its levels.

You collected 32 gold pieces.

Inventory:

Hand Weapons
 a - a +0 spear of chaos (weapon)
Missiles
 Z - a throwing net (quivered) {!d , @Q1}
Armour
 b - a +2 leather armour (worn)
 h - a cursed +0 scale mail
Jewellery
 f - an uncursed amulet of faith {unknown}
 g - a +5 amulet of reflection {unknown}
 l - an uncursed ring of magical power {unknown}
Scrolls
 j - 9 scrolls of identify {unknown}
 n - 2 scrolls of remove curse {unknown}
 Y - a scroll of enchant weapon {unknown}
Potions
 k - 2 potions of degeneration {unknown}
 m - a potion of might {unknown}
 o - a potion of curing {unknown}
 q - a potion of invisibility {unknown}
Comestibles
 e - a ration
 p - 3 chunks of flesh


   Skills:
 - Level 3.0 Fighting
 + Level 4.4 Polearms
 - Level 1.7 Armour
 - Level 0.8 Dodging


You had 2 spell levels left.
You didn't know any spells.
Your spell library was empty.

Dungeon Overview and Level Annotations

Branches:
Dungeon (2/15)

Altars:
Trog

Annotations:
D:2 Terence


Innate Abilities, Weirdness & Mutations

You are slightly more attuned to the shadows.


Message History

No target in view!
No target in view!
No target in view!
No target in view!
No target in view!
No target in view!
No target in view!
No target in view!
No target in view!
No target in view!
No target in view!
No target in view!
No target in view!
No target in view!
No target in view!
No target in view!
No target in view!
No target in view!
No target in view!
No target in view!
No target in view!
No target in view!
No target in view!
No target in view!
No target in view!
No target in view!
You butcher the frilled lizard corpse.
p - 3 chunks of flesh (gained 1)
You see here a frilled lizard skeleton. x2
You butcher the rat corpse.
p - 4 chunks of flesh (gained 1)
You see here a rat skeleton. x2
j - 9 scrolls labeled VOGOQU ORECRAE (gained 1)
You butcher the bat corpse.
p - 5 chunks of flesh (gained 1)
You see here a bat skeleton. x2
Some of the chunks of flesh in your inventory have rotted away.
You see here a ring mail.
You open the door.
A bat and Terence come into view.
Terence shouts!
Unknown command.
You barely miss Terence. Terence barely misses you.
You hit Terence. You freeze Terence.
Terence is moderately wounded.
Terence misses you.
You hit Terence but do no damage.
Terence is moderately wounded.
Terence hits you with a +0 flail.
You take 2 damage, and have 27/29 hp.
You hit Terence. You freeze Terence.
Terence is heavily wounded.
You hit Terence but do no damage.
Terence is poisoned.
Terence is heavily wounded.
Terence hits you with a +0 flail!
You take 7 damage, and have 20/29 hp.
MASSIVE DAMAGE!!
You hit Terence but do no damage.
Terence looks as sick as possible!
Terence is heavily wounded.
Terence hits you with a +0 flail.
You take 1 damage, and have 19/29 hp.
You barely miss Terence.
Terence is heavily wounded.
You completely miss Terence.
Terence is heavily wounded.
Terence hits you with a +0 flail!
* * * LOW HITPOINT WARNING * * *
You are too injured to fight recklessly!
You take 7 damage, and have 12/29 hp.
MASSIVE DAMAGE!!
You are too injured to fight recklessly!
You are too injured to fight recklessly!
You are too injured to fight recklessly!
You are too injured to fight recklessly!
You are too injured to fight recklessly!
You are too injured to fight recklessly!
You are too injured to fight recklessly!
You are too injured to fight recklessly!
You are too injured to fight recklessly!
You are too injured to fight recklessly!
You are too injured to fight recklessly!
You are too injured to fight recklessly!
You are too injured to fight recklessly!
You are too injured to fight recklessly!
You are too injured to fight recklessly!
You are too injured to fight recklessly!
You are too injured to fight recklessly!
You are too injured to fight recklessly!
You are too injured to fight recklessly!
You are too injured to fight recklessly!
You are too injured to fight recklessly!
You are too injured to fight recklessly!
You closely miss Terence.
Terence is heavily wounded.
Terence hits you with a +0 flail!
* * * LOW HITPOINT WARNING * * *
A shower of butterflies erupts from you!
You take 7 damage, and have 5/29 hp.
MASSIVE DAMAGE!!
You hit Terence but do no damage.
Terence is severely wounded.
Terence hits you with a +0 flail!
You die... ████

█... █.██ █.█ █.█
███∆██
█████████....█
█████b....)........█
█bb@@b..............
█b███.b.........█∆██
█.█ ███████▲█.█.██
█.█ █..... █.█
█.█.█.██ █.█
███.█>.... █.█
█████.█.█.█.██ █.█
█.....█.█.█.██ █.█
█.███.█.█.█.██


You could see Terence and a bat.

Vanquished Creatures
  An adder (D:2)
  5 dart slugs
  A leopard gecko (D:2)
  3 giant cockroaches (D:1)
  10 goblins
  4 hobgoblins
  A ball python (D:1)
  4 bats
  2 frilled lizards
  2 kobolds (D:2)
  7 rats
40 creatures vanquished.

Notes
Turn   | Place    | Note
-------+----------+-------------------------------------------
     0 | D:1      | Goblin1989 the Demonspawn Chaos Knight began the quest for
                  | the Orb.
     0 | D:1      | Reached XP level 1. HP: 18/18 MP: 1/1
    75 | D:1      | Reached skill level 3 in Polearms
   126 | D:1      | XOM: harmless Erth miscast
   180 | D:1      | Gained mutation: You are slightly more attuned to the
                  | shadows. [demonic ancestry]
   180 | D:1      | Reached XP level 2. HP: 22/24 MP: 2/2
   530 | D:1      | XOM: 3-stop teleportation journey
   609 | D:1      | Reached XP level 3. HP: 29/29 MP: 3/3
  1047 | D:2      | Reached skill level 4 in Polearms
  1105 | D:2      | Found a bloodstained altar of Trog.
  1604 | D:2      | Noticed Terence
  1613 | D:2      | XOM: butterfly on damage
  1614 | D:2      | Slain by Terence

Skill      XL: |  1  2  3 |
---------------+----------+-----
Polearms       | 3 4 |  4.4
Fighting       | |  3.0
Armour         | |  1.7
Dodging        | |  0.8

Action                   || total
-------------------------++-------
Melee: Spear             ||   133
 Stab: Sleeping          ||     7
  Eat: Chunk             ||     2
Armor: Leather armour    ||    24
Dodge: Dodged            ||    58

Levels and vault maps discovered:
D:1:      matt_arrival_refuge, layout_basic, nrook_loot_triangle,
          serial_bayou_ford_a
D:2:      layout_basic, trog_hazing_becter, uniq_terence
